 Dungeon Crawl Stone Soup version 0.29.1-12-g30fa7ad0bf (webtiles) character file.

Game seed: 15971859166698200932

118 GeoRichter the Poker (level 4, 0/35 HPs)
             Began as a Demonspawn Monk on Dec 22, 2022.
             Slain by an orc priest
             ... wielding a +0 club
              (1 damage)
             ... on level 3 of the Dungeon.
             The game lasted 00:06:00 (3012 turns).

GeoRichter the Poker (Demonspawn Monk)              Turns: 3012, Time: 00:06:00

Health: 0/35       AC:  2    Str: 12    XL:     4   Next: 72%
Magic:  4/4        EV: 13    Int: 13    God:
Gold:   11         SH:  0    Dex: 17    Spells: 3/3 levels left

rFire   . . .      SeeInvis .   g - +2 dagger (speed)
rCold   + . .      Faith    .   (no shield)
rNeg    + . .      Spirit   .   b - +0 robe
rPois   +          Reflect  .   (helmet restricted)
rElec   .          Harm     .   (no cloak)
rCorr   .          Rampage  .   (no gloves)
Will    +....                   (no boots)
Stlth   ++++......              v - amulet "Vinliudgh" {RegenMP rC+ rN+ Stlth+}
HPRegen 0.11/turn               j - ring of willpower
MPRegen 0.49/turn               p - ring of poison resistance

@: mighty
A: antennae 1, thin skeletal structure 1, demonic magic 1
a: no special abilities


You were on level 3 of the Dungeon.
You visited 1 branch of the dungeon, and saw 3 of its levels.

You collected 131 gold pieces.
You spent 120 gold pieces at shops.

Inventory:

Hand Weapons
 a - a +0 spear
 g - a +2 dagger of speed (weapon)
   (You took it off a goblin on level 1 of the Dungeon)
Missiles
 e - 30 stones (quivered)
Armour
 b - a +0 robe (worn)
Jewellery
 j - a ring of willpower (left hand)
   (You found it on level 1 of the Dungeon)
 p - a ring of poison resistance (right hand)
   (You found it on level 2 of the Dungeon)
 v - the amulet "Vinliudgh" (around neck) {RegenMP rC+ rN+ Stlth+}
   (You bought it in a shop on level 2 of the Dungeon)

   [amulet of magic regeneration]

   It increases your rate of magic regeneration.
   rC:        It protects you from cold.
   rN:        It protects you from negative energy.
   Stlth:     It makes you more stealthy.
Scrolls
 f - a scroll of immolation {unknown}
 i - a scroll of identify {unknown}
 n - a scroll of fog {unknown}
 q - a scroll of teleportation {unknown}
 r - a scroll of noise {unknown}
 s - a scroll of poison {unknown}
 t - a scroll of fear {unknown}
Potions
 c - a potion of ambrosia
 d - 2 potions of might
 h - 3 potions of curing {unknown}
 k - 2 potions of magic
 l - 2 potions of brilliance {unknown}
 m - a potion of berserk rage {unknown}
 o - a potion of heal wounds {unknown}
 u - a potion of haste {unknown}


   Skills:
 - Level 3.0 Fighting
 * Level 4.5 Polearms
 - Level 2.6 Dodging
 - Level 3.0 Stealth


You had 3 spell levels left.
You didn't know any spells.
Your spell library contained the following spells:

 Spells                   Type           Power      Damage    Failure   Level
 Necrotise                Necr           0%         1d4       30%         1
 Ensorcelled Hibernation  Hex/Ice        0%         N/A       43%         2
 Passwall                 Tmut/Erth      0%         N/A       43%         2
 Swiftness                Air            0%         N/A       67%         3


Dungeon Overview and Level Annotations

Branches:
Dungeon (3/15) Zot: 15035

Altars:

Shops:
D:2 !![*


Innate Abilities, Weirdness & Mutations

You have a pair of small antennae on your head.
You have a somewhat thin skeletal structure. (Dex +2, Stealth+)
Spells you cast may paralyse adjacent enemies.


Message History

You barely miss the quokka. The quokka barely misses you.
You hit the quokka. You hit the quokka but do no damage. The quokka bites you.
You barely miss the quokka. The quokka bites you.
You hit the quokka.
The quokka bites you but does no damage.
You hit the quokka.
You kill the quokka!
No target in view!
An orc wizard comes into view. It is wielding a +0 dagger.
An orc wizard is nearby!
An orc wizard is nearby!
An orc comes into view. It is wielding a +0 club.
Found a stone staircase leading down.
The orc wizard shouts!
The orc shouts!
You hear a shout!
An orc priest comes into view. It is wielding a +0 club.
An orc comes into view. It is wielding a +0 dagger.
The orc priest mumbles some strange prayers to Beogh against you.
Beogh smites you!
The orc priest begins to cast a cantrip, but forgets the words!
An orc comes into view. It is wielding a +0 short sword.
The orc shouts!
You hit the orc. You hit the orc.
You kill the orc!
You barely miss the orc wizard. The orc wizard barely misses you.
You hit the orc wizard. You closely miss the orc wizard.
The orc wizard casts a spell at you. The puff of flame hits you!
* * * LOW HITPOINT WARNING * * *
You hit the orc wizard but do no damage.
The orc wizard points at you and mumbles some strange words.
The magic dart hits you.
* * * LOW HITPOINT WARNING * * *
It was a potion of might.
You feel very mighty all of a sudden. The orc wizard closely misses you.
You barely miss the orc wizard. You puncture the orc wizard!
You kill the orc wizard!
Training target 3.0 for Stealth reached!
Your Stealth skill increases to level 3!
You puncture the orc priest! The orc priest hits you with a +0 club.
* * * LOW HITPOINT WARNING * * *
It was a potion of magic.
Magic courses through your body. The orc priest barely misses you.
You completely miss the orc priest. You completely miss the orc priest.
The orc priest hits you with a +0 club.
You die...

.....................#
....#########..##..#.#
....# #........#######
....# #.............
....###........#####
...............#
...............#
..........##########.#.#
................@ooo>..#
#.........##########.###
......#### ......#
......# #...### ...#


You could see an orc priest and 2 orcs.

Vanquished Creatures
  An orc wizard (D:3)
  A gnoll (D:1)
  3 adders
  A worm (D:3)
  A dart slug (D:1)
  An orc (D:3)
  7 ball pythons
  6 bats
  3 endoplasms
  5 giant cockroaches
  5 goblins
  4 hobgoblins
  A jackal (D:2)
  4 quokkas
  3 frilled lizards (D:1)
  2 kobolds
  2 rats (D:1)
50 creatures vanquished.

Notes
Turn   | Place    | Note
-------+----------+-------------------------------------------
     0 | D:1      | GeoRichter the Demonspawn Monk began the quest for the Orb.
     0 | D:1      | Reached XP level 1. HP: 18/18 MP: 1/1
   431 | D:1      | Reached skill level 3 in Polearms
   559 | D:1      | Gained mutation: You have a pair of small antennae on your
                  | head. [demonic ancestry]
   559 | D:1      | Reached XP level 2. HP: 23/24 MP: 2/2
   915 | D:1      | Gained mutation: Spells you cast may paralyse adjacent
                  | enemies. [demonic ancestry]
   915 | D:1      | Reached XP level 3. HP: 14/29 MP: 3/3
  1554 | D:2      | Found Loveluph's Armour Shoppe.
  2154 | D:2      | Found Zof Lack's Assorted Antiques.
  2158 | D:2      | Reached skill level 4 in Polearms
  2221 | D:2      | Found Oguefy's Distillery.
  2324 | D:2      | Found Fouwid's Distillery.
  2366 | D:2      | Gained mutation: You have a somewhat thin skeletal
                  | structure. (Dex +2, Stealth+) [demonic ancestry]
  2366 | D:2      | Reached XP level 4. HP: 35/35 MP: 4/4
  2745 | D:3      | Found a faded altar of an unknown god.
  2750 | D:3      | Got Plato's Secrets of Exhumation
  2754 | D:3      | Identified the +1 leather armour of the Assorted Orbs
                  | {rElec rC- Dex-3 Stlth+}
  2865 | D:2      | Bought a crude silver amulet for 120 gold pieces
  2865 | D:2      | Identified the amulet "Vinliudgh" {RegenMP rC+ rN+ Stlth+}
                  | (You bought it in a shop on level 2 of the Dungeon)
  3009 | D:3      | HP: 1/35 [orc priest/+0 club (3)]
  3012 | D:3      | Slain by an orc priest

Illustrated notes

Levels and vault maps discovered:
D:1:      psy_arrival_statuary, layout_basic, minmay_close_crescents
D:2:      layout_rooms, serial_shops, shop, nicolae_shop_advertising_works
          [nicolae_subvault_shop_adworks], nicolae_shop_hallway_plus,
          nicolae_shop_hallway_stairs, minmay_between
D:3:      layout_basic, shapermc_ecumenical_altar_rom_forum

Skill      XL: |  1  2  3  4 |
---------------+-------------+-----
Stealth        | 2 3 |  3.0
Polearms       | 3 4 |  4.5
Fighting       | |  3.0
Dodging        | |  2.6

Action                   |  1- 3 |  4- 6 || total
-------------------------+-------+-------++-------
Melee: Spear             |    22 |       ||    22
       Dagger            |   101 |    42 ||   143
Throw: Stone             |     6 |       ||     6
  Use: Potion            |       |     2 ||     2
 Stab: Sleeping          |     5 |     7 ||    12
Armor: Robe              |    24 |     1 ||    25
Dodge: Dodged            |    72 |    11 ||    83
